 Dungeon Crawl Stone Soup version 0.21-a0-110-g8e1637b (webtiles) character file.

234 Ijustatesigmund the Ruffian (level 5, -5/50 HPs)
             Began as a Troll Monk on July 7, 2017.
             Slain by an ogre
             ... wielding a +0 giant spiked club
              (29 damage)
             ... on level 4 of the Dungeon.
             The game lasted 00:05:29 (2089 turns).

Ijustatesigmund the Ruffian (Troll Monk)            Turns: 2089, Time: 00:05:30

Health: -5/50      AC:  6    Str: 18 (19) XL:     5   Next: 75%
Magic:  4/4        EV: 10    Int:  6      God:
Gold:   102        SH:  0    Dex: 13      Spells: 4/4 levels left

rFire    . . .     SeeInvis .     - Unarmed
rCold    . . .     Gourm    +   (no shield)
rNeg     . . .     Faith    .   a - +0 robe
rPois    .         Spirit   .   (helmet restricted)
rElec    .         Reflect  .   h - +0 cloak
rCorr    .         Harm     .   (gloves unavailable)
MR       .....                  (boots unavailable)
Stlth    ++........             g - amulet of regeneration
HPRegen  0.96/turn              d - +1 ring of slaying
MPRegen  0.09/turn              (no ring)

@: no status effects
A: unfitting armour, claws 3, fast metabolism 3, gourmand, regeneration 1,
shaggy fur 1, tough skin 2
a: no special abilities


You were on level 4 of the Dungeon.
You were very full.

You visited 2 branches of the dungeon, and saw 5 of its levels.

You collected 102 gold pieces.

Inventory:

Armour
 a - a +0 robe (worn)
 h - a +0 cloak (worn)
Jewellery
 d - a +1 ring of slaying (left claw)
 g - an amulet of regeneration (around neck)
Wands
 e - a wand of random effects (26/48)
 l - a wand of iceblast (13/15)
 m - a wand of paralysis (8/24)
Scrolls
 n - a scroll of teleportation
 o - 2 scrolls of remove curse
 p - 2 scrolls of identify
Potions
 c - a potion of haste
 f - 3 potions of flight
 i - a potion of lignification
 j - 2 potions of might
Comestibles
 b - 4 bread rations
 k - a fruit


   Skills:
 - Level 2.4 Fighting
 - Level 2.4 Dodging
 - Level 1.0 Stealth
 + Level 6.5 Unarmed Combat


You had 4 spell levels left.
You didn't know any spells.

Dungeon Overview and Level Annotations

Branches:
Dungeon (4/15)             Temple (1/1) D:4

Altars:
Dithmenos
Fedhas
Gozag
Hepliaklqana
Kikubaaqudgha
Makhleb
Okawaru
Qazlal
Sif Muna
Trog
Uskayaw
Vehumet
Wu Jian
Xom
Yredelemnul
Zin
The Shining One


Innate Abilities, Weirdness & Mutations

You are too large for most types of armour.
You have claws for hands.
Your metabolism is lightning-fast.
You like to eat raw meat.
Your natural rate of healing is unusually fast.
You are covered in fur. (AC +1)
You have very tough skin. (AC +2)


Message History

You are too injured to fight recklessly!
You are too injured to fight recklessly!
You are too injured to fight recklessly!
You are too injured to fight recklessly!
You are too injured to fight recklessly!
You are too injured to fight recklessly!
You are too injured to fight recklessly!
You are too injured to fight recklessly!
You are too injured to fight recklessly!
You are too injured to fight recklessly!
You are too injured to fight recklessly!
You are too injured to fight recklessly!
You are too injured to fight recklessly!
You scratch the ogre.
The ogre is heavily wounded.
You scratch the ogre.
The ogre is severely wounded.
The ogre hits you with a giant spiked club!!
Ouch! That really hurt!
You die...

#######.# ......#.#
......#.# ...>... .....#
#..o# $. #..O# ...[
#.o@# #.....#####..%#
+.............# ..
#.............#####.
..##....................
................######.#
................#
....#...........#
................#


You could see an ogre, an orc wizard and an orc.

Vanquished Creatures
  An orc priest (D:4)
  A hound (D:4)
  Jessica (D:2)
  Ijyb (D:3)
  4 adders
  2 oozes (D:1)
  3 worms
  2 dart slugs (D:1)
  3 leopard geckos
  13 orcs
  A giant cockroach (D:3)
  A goblin (D:2)
  5 hobgoblins
  3 quokkas (D:3)
  A ball python (D:2)
  8 bats
  3 frilled lizards
  2 kobolds
  4 rats
59 creatures vanquished.

Notes
Turn   | Place    | Note
-------+----------+-------------------------------------------
     0 | D:1      | Ijustatesigmund the Troll Monk began the quest for the Orb.
     0 | D:1      | Reached XP level 1. HP: 22/22 MP: 0/0
   152 | D:1      | Reached XP level 2. HP: 26/29 MP: 1/1
   378 | D:1      | Reached skill level 4 in Unarmed Combat
   415 | D:1      | You fall through a shaft!
   523 | D:1      | Reached XP level 3. HP: 34/36 MP: 2/2
   763 | D:2      | Noticed Jessica
   775 | D:2      | Killed Jessica
   897 | D:2      | You fall through a shaft for 2 floors!
   923 | D:4      | Reached XP level 4. HP: 38/44 MP: 3/3
   925 | D:4      | Reached skill level 5 in Unarmed Combat
   950 | D:4      | Found a staircase to the Ecumenical Temple.
   959 | Temple   | Entered the Ecumenical Temple
  1170 | D:2      | Found an iron altar of Okawaru.
  1529 | D:3      | Noticed Ijyb
  1540 | D:3      | Killed Ijyb
  1540 | D:3      | Reached XP level 5. HP: 44/50 MP: 4/4
  1683 | D:3      | Reached skill level 6 in Unarmed Combat
  2082 | D:4      | Noticed an ogre
  2089 | D:4      | Slain by an ogre

Vault maps used:
D:1:      saegor_arrival_simple_f, nrook_mini_backslash
D:2:      okawaru_ov_weapons_minmay, first_bread, uniq_jessica
D:3:      serial_glass, glass_columns_a, glass_columns_a, uniq_ijyb
D:4:      temple_statues
Temple:   nicolae_temple_elliptical

Skill      XL: |  1  2  3  4  5 |
---------------+----------------+-----
Unarmed Combat | 4 5 6 |  6.5
Fighting       | |  2.4
Dodging        | |  2.4
Stealth        | |  1.0

Action                   |  1- 3 |  4- 6 || total
-------------------------+-------+-------++-------
Melee: Unarmed           |    50 |    96 ||   146
       Punch             |       |     3 ||     3
  Use: Scroll            |     5 |     4 ||     9
       Potion            |     1 |     2 ||     3
 Stab: Sleeping          |     1 |     4 ||     5
  Eat: Chunk             |     3 |    16 ||    19
       Bread ration      |     1 |       ||     1
Armor: Robe              |    20 |    35 ||    55
Dodge: Dodged            |    24 |    52 ||    76
